 Dungeon Crawl Stone Soup version 0.31-a0-816-gd61d57ddb1 (webtiles) character file.

Game seed: 12266932402987849756

8928 Dirtsage the Cleaver (level 11, -9/81 HPs)
             Began as a Demonspawn Fighter on Sept 23, 2023.
             Was an Elder of Okawaru.
             Mangled by Snorg (21 damage)
             ... on level 10 of the Dungeon.
             The game lasted 00:16:54 (7804 turns).

Dirtsage the Cleaver (Demonspawn Fighter)           Turns: 7804, Time: 00:16:54

Health: -9/81      AC: 16    Str: 21    XL:     11   Next: 16%
Magic:  9/15       EV:  9    Int: 10    God:    Okawaru [****..]
Gold:   687        SH:  6    Dex: 12    Spells: 10/10 levels left

rFire   . . .        a - +0 war axe
rCold   . . .        c - +0 buckler
rNeg    . . .        e - +0 plate armour
rPois   +            (helmet unavailable)
rElec   .            (no cloak)
rCorr   .            (no gloves)
SInv    .            x - +0 pair of boots
Will    +....        y - amulet of regeneration Stlth
                     v - ring of willpower
HPRegen 1.13/turn    P - ring of poison resistance
MPRegen 0.14/turn

%: no passive effects
@: heroic, finesse-ful
A: horns 3, ignite blood 1, powered by death 2
a: Renounce Religion, Heroism, Finesse


You were on level 10 of the Dungeon.
You worshipped Okawaru.
Okawaru was greatly pleased with you.
You visited 2 branches of the dungeon, and saw 11 of its levels.

You collected 687 gold pieces.

Inventory:

Hand Weapons
 a - a +0 war axe (weapon)
 I - a +2 flail of freezing
Missiles
 m - 5 curare-tipped darts
Armour
 b - a +0 scale mail
 c - a +0 buckler (worn)
 e - a +0 plate armour (worn)
 o - a +0 ring mail of fire resistance
 x - a +0 pair of boots (worn)
Magical Staves
 C - a staff of conjuration
Jewellery
 h - an amulet of reflection
 v - a ring of willpower (left hand)
 y - an amulet of regeneration (around neck)
 L - an amulet of magic regeneration
 P - a ring of poison resistance (right hand)
Wands
 H - a wand of iceblast (11)
 K - a wand of acid (7)
Scrolls
 f - 3 scrolls of immolation {unknown}
 g - 2 scrolls of revelation {unknown}
 i - 9 scrolls of identify {unknown}
 j - 2 scrolls of poison
 k - 5 scrolls of fog {unknown}
 r - a scroll of summoning {unknown}
 u - 2 scrolls of amnesia {unknown}
 D - 2 scrolls of vulnerability {unknown}
 E - 3 scrolls of teleportation {unknown}
 F - a scroll of enchant armour {unknown}
 G - 2 scrolls of blinking {unknown}
 J - a scroll of noise {unknown}
 M - a scroll of fear {unknown}
Potions
 d - a potion of might
 l - 4 potions of ambrosia {unknown}
 n - 4 potions of mutation {unknown}
 p - a potion of berserk rage {unknown}
 q - 3 potions of attraction {unknown}
 s - a potion of magic {unknown}
 t - 5 potions of curing {unknown}
 w - a potion of degeneration {unknown}
 z - 2 potions of heal wounds {unknown}
 A - 3 potions of haste {unknown}
 B - a potion of enlightenment {unknown}


   Skills:
 + Level 6.1(11.1) Fighting
 * Level 11.5(16.5) Axes
 + Level 5.4(10.4) Armour
 + Level 4.5(9.5) Dodging
 + Level 5.3(10.3) Shields
 + Level 6.4 Invocations
 + Level 3.4 Shapeshifting


You had 10 spell levels left.
You didn't know any spells.
Your spell library contained the following spells:

 Spells                   Type           Power      Damage    Failure   Level
 Apportation              Tloc           0%         N/A       100%        1
 Freeze                   Ice            0%         1d3       100%        1
 Jinxbite                 Hex            0%         N/A       100%        2
 Wereblood                Tmut           0%         N/A       100%        2
 Dazzling Flash           Conj/Hex       0%         N/A       100%        3
 Frozen Ramparts          Ice            0%         1d1       100%        3
 Hailstorm                Conj/Ice       0%         3d3       100%        3
 Stone Arrow              Conj/Erth      0%         3d7       100%        3
 Volatile Blastmotes      Fire/Tloc      0%         2d10      100%        3
 Alistair's Intoxication  Tmut/Pois      0%         N/A       100%        5
 Irradiate                Conj/Tmut      0%         3d11      100%        5
 Starburst                Conj/Fire      0%         6d3       100%        6
 Lehudib's Crystal Spear  Conj/Erth      0%         10d2      100%        8
 Maxwell's Capacitive Co  Air            0%         ∞         100%        8
 Animate Armour           Summ/Erth      Unusable   N/A       N/A         4

Dungeon Overview and Level Annotations

Branches:
Dungeon (10/15)            Temple (1/1) D:6            Lair (0/5) D:8
    Orc: D:9-12

Altars:
Ashenzari
Cheibriados
Dithmenos
Fedhas
Gozag
Hepliaklqana
Kikubaaqudgha
Makhleb
Nemelex Xobeh
Okawaru
Qazlal
Ru
Sif Muna
Trog
Uskayaw
Vehumet
Wu Jian
Xom
Yredelemnul

Shops:
D:4 *

Annotations:
D:4 1 runed translucent door, Crazy Yiuf
D:8 2 transporters, WhatIsLove's ghost, novice HOMo
D:10 Snorg


Innate Abilities, Weirdness & Mutations

You have a pair of large horns on your head.
Your demonic aura sometimes causes spilled blood to erupt in flames.
You regenerate health from kills.


Message History

Snorg is lightly wounded.
Snorg barely misses you. Snorg claws you but does no damage. Snorg claws you.
You take 5 damage, and have 76/81 hp.
You barely miss Snorg. You headbutt Snorg.
Snorg is lightly wounded.
You barely miss Snorg.
Snorg is lightly wounded.
Snorg shakes off her lethargy.
Snorg goes berserk!
You slash Snorg!
Snorg is moderately wounded.
Snorg barely misses you. Snorg claws you but does no damage. Snorg claws you.
You take 3 damage, and have 75/81 hp.
You slice Snorg!!
Snorg is heavily wounded.
Snorg bites you! Snorg claws you but does no damage. You block Snorg's attack.
You take 11 damage, and have 64/81 hp.
You closely miss Snorg. Your headbutt misses Snorg.
Snorg is heavily wounded.
Snorg bites you! Snorg claws you! Snorg claws you but does no damage.
You take 24 damage, and have 40/81 hp.
MASSIVE DAMAGE!!
You barely miss Snorg. Your headbutt misses Snorg.
Snorg is heavily wounded.
Snorg bites you but does no damage. Snorg misses you. Snorg claws you.
You take 1 damage, and have 39/81 hp.
You slice Snorg!! You headbutt Snorg.
Snorg is severely wounded.
Snorg bites you but does no damage. Snorg closely misses you. Snorg claws you!
You take 13 damage, and have 26/81 hp.
You slash Snorg!
Snorg is severely wounded.
You block Snorg's attack. Snorg claws you!
* * * LOW HITPOINT WARNING * * *
Snorg claws you but does no damage.
You take 15 damage, and have 11/81 hp.
Okay, then.
You can now deal lightning-fast blows.
You can no longer enter into single combat with a foe.
Okawaru will no longer gift you throwing weapons.
Snorg bites you!!
You die...

#..................
..#.............#.##
...............#..#
.###.#####....##.#
... ###.....#####
#.# #.........# #.
####....### . #..###
#.@# #.T# #.(# #..#
#=.. .... .....
......


You could see Snorg (berserk, poisoned).

Vanquished Creatures
  A two-headed ogre (D:6)
  Nergalle (D:10)
  Pikel (D:6)
  A cyclops (D:9)
  Joseph (D:8)
  Psyche (D:8)
  Maggie (D:8)
  A komodo dragon (D:8)
  An unseen horror (D:6)
  Grinder (D:6)
  A wraith (D:8)
  A shadow (D:9)
  A wyvern (D:9)
  Grum (D:8)
  2 steam dragons
  A vampire mosquito (D:6)
  4 water moccasins
  Duvessa (D:7)
  An orc warrior (D:8)
  An ice beast (D:8)
  A black bear (D:8)
  5 ogres (D:6)
  2 wolves (D:8)
  A lemure (D:6)
  2 phantoms
  4 centaurs
  5 kobold brigands
  3 gnoll sergeants
  2 bullfrogs
  2 scorpions (D:5)
  12 wights
  A killer bee (D:8)
  Dowan (D:7)
  2 howler monkeys (D:9)
  2 hounds (D:5)
  A gnoll bouda (D:8)
  5 orc priests
  5 jellies
  2 sleepcaps
  3 iguanas
  8 orc wizards
  12 gnolls
  2 adders (D:2)
  5 white imps
  3 ufetubi
  5 worms
  2 dart slugs
  23 orcs
  3 endoplasms (D:2)
  4 giant cockroaches
  8 goblins
  7 hobgoblins
  7 jackals
  10 quokkas
  6 ball pythons
  4 bats
  A frilled lizard (D:2)
  30 kobolds
  8 rats
233 creatures vanquished.

Notes
Turn   | Place    | Note
-------+----------+-------------------------------------------
     0 | D:1      | Dirtsage the Demonspawn Fighter began the quest for the
                  | Orb.
     0 | D:1      | Reached XP level 1. HP: 18/18 MP: 1/1
    12 | D:1      | Found a faded altar of an unknown god.
    57 | D:1      | Reached skill level 2 in Axes
   197 | D:1      | Gained mutation: Your demonic aura sometimes causes spilled
                  | blood to erupt in flames. [demonic ancestry]
   197 | D:1      | Reached XP level 2. HP: 22/24 MP: 2/2
   484 | D:1      | Reached skill level 3 in Axes
   484 | D:1      | Reached XP level 3. HP: 27/29 MP: 3/3
  1240 | D:2      | Gained mutation: You regenerate a little health from kills.
                  | [demonic ancestry]
  1240 | D:2      | Reached XP level 4. HP: 35/35 MP: 4/4
  1246 | D:2      | Reached skill level 4 in Axes
  1747 | D:3      | Found a burning altar of Makhleb.
  1748 | D:3      | Found an iron altar of Okawaru.
  1751 | D:3      | Found a bloodstained altar of Trog.
  1768 | D:3      | Became a worshipper of Warmaster Okawaru
  1964 | D:3      | Discovered your monstrous ancestry.
  1964 | D:3      | Gained mutation: You have a pair of small horns on your
                  | head. [demonic ancestry]
  1964 | D:3      | Reached XP level 5. HP: 41/41 MP: 5/5
  1992 | D:3      | Found a stormy altar of Qazlal.
  2517 | D:4      | Noticed a phantom
  2524 | D:4      | Killed a phantom
  2525 | D:4      | Reached skill level 5 in Axes
  2705 | D:4      | Found Qucufr Huse's Assorted Antiques.
  2876 | D:4      | Found a sparkling altar of Nemelex Xobeh.
  2895 | D:4      | Found a snail-covered altar of Cheibriados.
  2950 | D:4      | Found a runed translucent door.
  2951 | D:4      | Noticed Crazy Yiuf
  3314 | D:5      | Entered Level 5 of the Dungeon
  3323 | D:5      | Reached XP level 6. HP: 31/47 MP: 6/6
  3419 | D:5      | Reached skill level 6 in Axes
  3482 | D:5      | Reached * piety under Okawaru
  3801 | D:5      | Reached skill level 7 in Axes
  3801 | D:5      | Reached XP level 7. HP: 51/52 MP: 7/7
  4215 | D:6      | Reached ** piety under Okawaru
  4218 | D:6      | Reached skill level 8 in Axes
  4271 | D:6      | Found a staircase to the Ecumenical Temple.
  4280 | D:6      | Noticed Pikel
  4303 | D:6      | Killed Pikel
  4303 | D:6      | Reached *** piety under Okawaru
  4304 | D:6      | Reached skill level 9 in Axes
  4304 | D:6      | Gained mutation: You have a pair of horns on your head.
                  | [demonic ancestry]
  4304 | D:6      | Reached XP level 8. HP: 17/58 MP: 8/8
  4317 | Temple   | Entered the Ecumenical Temple
  4389 | D:6      | Noticed Grinder
  4398 | D:6      | Killed Grinder
  4399 | D:6      | Reached skill level 1 in Invocations
  4429 | D:6      | Reached skill level 1 in Dodging
  4757 | D:6      | Gained mutation: You have a pair of large horns on your
                  | head. [demonic ancestry]
  4757 | D:6      | Reached XP level 9. HP: 53/65 MP: 10/10
  4887 | D:6      | Reached skill level 10 in Axes
  4918 | D:6      | Killed an unseen horror
  4918 | D:6      | Reached **** piety under Okawaru
  5037 | D:6      | Reached skill level 1 in Shapeshifting
  5074 | D:6      | Noticed a two-headed ogre
  5083 | D:6      | Killed a two-headed ogre
  5308 | D:7      | Noticed Duvessa
  5308 | D:7      | Noticed Dowan
  5320 | D:7      | Killed Duvessa
  5321 | D:7      | Gained mutation: You regenerate health from kills. [demonic
                  | ancestry]
  5321 | D:7      | Reached XP level 10. HP: 67/73 MP: 5/13
  5327 | D:7      | Killed Dowan
  5678 | D:7      | Reached skill level 5 in Fighting
  6222 | D:8      | Noticed Grum
  6235 | D:8      | Killed Grum
  6307 | D:8      | Reached skill level 5 in Invocations
  6317 | D:8      | Found a transporter.
  6337 | D:8      | Noticed Psyche
  6343 | D:8      | Killed Psyche
  6359 | D:8      | Noticed Maggie
  6367 | D:8      | Killed Maggie
  6434 | D:8      | Noticed Joseph
  6449 | D:8      | Killed Joseph
  6450 | D:8      | Reached skill level 11 in Axes
  6492 | D:8      | Reached ***** piety under Okawaru
  6562 | D:8      | Reached skill level 5 in Armour
  6593 | D:8      | Reached skill level 5 in Shields
  6717 | D:8      | Found a staircase to the Lair.
  6758 | D:8      | Noticed WhatIsLove's ghost (novice HOMo)
  6806 | D:8      | Found a transporter.
  7496 | D:9      | Reached XP level 11. HP: 32/81 MP: 15/15
  7652 | D:9      | Received a gift from Okawaru
  7739 | D:10     | Entered Level 10 of the Dungeon
  7741 | D:10     | Noticed Nergalle
  7764 | D:10     | Killed Nergalle
  7788 | D:10     | Noticed Snorg
  7804 | D:10     | Mangled by Snorg

Illustrated notes

Levels and vault maps discovered:
D:1:      dpeg_arrival_ratfight, layout_basic, chequers_ecumenical_altar_island,
          skrybe_limestone_x
D:2:      layout_loops_ring, kennysheep_decorative_pillar
D:3:      minmay_spotlight, layout_basic, grunt_temple_overflow_open,
          nicolae_qazlal_eye_of_the_storm
D:4:      layout_loops_ring, mainiacjoe_overflow_large_starburst, serial_shops,
          nicolae_diamond_shop, uniq_crazy_yiuf_cottage
D:5:      layout_loops_ring
D:6:      minmay_chambers_of_sixes, layout_loops_ring,
          minmay_temple_entry_water_ring, minmay_small_thing, uniq_pikel,
          uniq_grinder
D:7:      layout_cave_pods, minivault_1, columned_hall_lemuel, uniq_duvessa
D:8:      minmay_bubble_buster, layout_basic, david_lair_shrubbed,
          gammafunk_ghost_stat_death, kennysheep_generic_room_14, uniq_maggie,
          uniq_joseph, uniq_psyche, uniq_grum
D:9:      layout_basic
D:10:     layout_rooms, nicolae_twisting_strands,
          nicolae_shop_national_dungeon_mall, uniq_maurice, uniq_snorg,
          uniq_nergalle
Temple:   nicolae_temple_bog_church

Skill      XL: |  1  2  3  4  5  6  7  8  9 10 11 |
---------------+----------------------------------+-----
Axes           | 2 3 4 5 7 9 10 11 | 11.5
Invocations    | 2 4 6 |  6.4
Armour         | 3 4 5 |  5.4
Dodging        | 1 3 4 |  4.5
Shields        | 3 4 5 |  5.3
Fighting       | 4 5 6 |  6.1
Shapeshifting  | 2 3 |  3.4

Action                     |  1- 3 |  4- 6 |  7- 9 | 10-12 || total
---------------------------+-------+-------+-------+-------++-------
  Melee: War axe           |   117 |   179 |   191 |   265 ||   752
         Headbutt          |       |    18 |    35 |    62 ||   115
  Throw: Dart              |       |       |     1 |     2 ||     3
 Invoke: Heroism           |       |       |     3 |     4 ||     7
         Finesse           |       |       |     1 |     2 ||     3
    Use: Scroll            |       |       |     1 |       ||     1
 Armour: Scale mail        |    15 |       |       |       ||    15
         Plate armour      |    55 |   135 |   153 |   223 ||   566
  Dodge: Dodged            |    34 |    44 |    40 |    70 ||   188
  Block: Buckler           |    61 |    81 |    34 |    53 ||   229
         Reflection        |     1 |     2 |       |       ||     3

Table legend: (Time is in decaauts)
 A = Elapsed time spent in this place.
 B = Non-inter-level travel time spent in this place.
 C = Inter-level travel time spent in this place.
 D = Time resting spent in this place.
 E = Time spent auto-exploring this place.
 F = Levels seen in this place.
 G = Mean time per level.
                   A        B        C        D        E       F      G
               +--------+--------+--------+--------+--------+-----+--------+
         Total |   7871 |   7599 |    272 |     59 |   5908 |  11 |  715.5 |
       Dungeon |   7830 |   7568 |    262 |     59 |   5908 |  10 |  783.0 |
        Temple |     40 |     30 |     10 |      0 |      0 |   1 |   40.0 |
               +--------+--------+--------+--------+--------+-----+--------+

Top non-repeatable levels by time:
     D:6: 1078 daAuts
     D:7: 967 daAuts
     D:1: 929 daAuts
     D:8: 912 daAuts
     D:3: 885 daAuts
     D:5: 829 daAuts
     D:4: 805 daAuts
     D:2: 773 daAuts
     D:9: 596 daAuts
    D:10: 52 daAuts
  Temple: 40 daAuts
